 Dungeon Crawl Stone Soup version 0.28.0 (webtiles) character file.

Game seed: 12043607044175112671

37 Dorkslayer the Skirmisher (level 3, 0/27 HPs)
             Began as an Octopode Fighter on June 13, 2022.
             Slain by an adder (2 damage)
             ... on level 2 of the Dungeon.
             The game lasted 00:01:56 (1014 turns).

Dorkslayer the Skirmisher (Octopode Fighter)        Turns: 1014, Time: 00:01:57

Health: 0/27       AC:  1    Str: 15    XL:     3   Next: 41%
Magic:  3/3        EV: 13    Int: 10    God:
Gold:   35         SH:  4    Dex: 13    Spells: 2/2 levels left

rFire   + . .      SeeInvis .   a - +0 long sword
rCold   . . .      Faith    .   b - +0 buckler
rNeg    . . .      Spirit   .   (helmet restricted)
rPois   .          Reflect  .   (no amulet)
rElec   .          Harm     .   d - ring of protection from fire
rCorr   .          Rampage  .   (no ring)
Will    .....                   (no ring)
Stlth   +++.......              (no ring)
HPRegen 0.09/turn               (no ring)
MPRegen 0.08/turn               (no ring)
                                (no ring)
                                (no ring)

@: mighty, lethally poisoned (0 -> -3)
A: almost no armour, amphibious, 8 rings, camouflage 1, gelatinous body 1,
(nimble swimmer 1), tentacles
a: no special abilities


You were on level 2 of the Dungeon.
You visited 1 branch of the dungeon, and saw 2 of its levels.

You collected 35 gold pieces.

Inventory:

Hand Weapons
 a - a +0 long sword (weapon)
Armour
 b - a +0 buckler (worn)
Jewellery
 d - a ring of protection from fire (left tentacle)
Scrolls
 e - a scroll of immolation {unknown}
 f - 2 scrolls of teleportation {unknown}


   Skills:
 * Level 3.7 Fighting
 + Level 2.2 Long Blades
 + Level 3.1 Dodging
 + Level 0.9 Stealth
 + Level 3.1 Shields
 * Level 1.0 Unarmed Combat


You had 2 spell levels left.
You didn't know any spells.
Your spell library contained the following spells:

 Spells                   Type           Power      Damage    Failure   Level
 Gell's Gravitas          Tloc           0%         N/A       83%         3
 Teleport Other           Tloc           0%         N/A       83%         3
 Dispersal                Tloc           0%         N/A       100%        6


Dungeon Overview and Level Annotations

Branches:
Dungeon (2/15)

Altars:

Annotations:
D:2 Natasha


Innate Abilities, Weirdness & Mutations

You cannot wear most types of armour.
You are amphibious.
You can wear up to eight rings at the same time.
Your skin changes colour to match your surroundings (Stealth+).
Your rubbery body absorbs attacks. (AC +1, EV +1)
((You are camouflaged when in or above water. (Stealth+)))
You have tentacles for arms and can constrict up to eight enemies at once.


Message History

You closely miss the quokka. Your grab misses the quokka.
You squeeze the quokka.
You kill the quokka!
The jackal bites you but does no damage.
You barely miss the jackal. You grab the jackal. You constrict the jackal.
The jackal bites you. The jackal closely misses you.
You slash the jackal!
You kill the jackal!
Things that are here:
a jackal corpse; a quokka corpse; a jackal corpse You see here a +0 spear.
A bat comes into view.
The bat hits you.
Found a scale mail.
The bat misses you. You block the bat's attack.
You hit the bat. Your grab misses the bat. You squeeze the bat.
You kill the bat!
You see here a +0 scale mail.
An adder comes into view.
Found a stone staircase leading down.
Natasha, Servant of Life and Death comes into view.
The adder hisses angrily.
You closely miss the adder. Your grab misses the adder.
Your squeeze misses the adder. The adder bites you.
You are poisoned.
The adder poisons you! The adder bites you.
You closely miss the adder. Your grab misses the adder.
You feel sick. The adder misses you. The adder bites you.
You are more poisoned.
The adder poisons you!
You feel sick. Natasha casts a spell at you. The magic dart hits you!
* * * LOW HITPOINT WARNING * * *
* * * LOW HITPOINT WARNING * * *
You feel sick.
You feel very mighty all of a sudden.
* * * LOW HITPOINT WARNING * * *
You feel sick. The adder bites you.
You die...

..# #.##..# #.##.###.#
.h#
#.....######.##.###
..#
#.##..............#
..#
#.##..######.##.#.#
..# #.##..# ##.##.#
..# #.##..# #..##.#
..# ...#..#####.###.#
.....###...#........[#
#...##
##.##.###@#####.#..
##.##
##.#.....S...>.... .#
#####.h........ .#
##......... #.
#.#.#.##.. # ......# .
##.#.#.# #.....# .....
#


You could see Natasha and an adder.

Vanquished Creatures
  A gnoll (D:1)
  A dart slug (D:2)
  3 bats
  2 endoplasms
  2 giant cockroaches (D:1)
  A goblin (D:1)
  2 hobgoblins
  3 jackals (D:2)
  A kobold (D:1)
  2 quokkas
  2 ball pythons (D:1)
  2 rats (D:1)
22 creatures vanquished.

Notes
Turn   | Place    | Note
-------+----------+-------------------------------------------
     0 | D:1      | Dorkslayer the Octopode Fighter began the quest for the
                  | Orb.
     0 | D:1      | Reached XP level 1. HP: 16/16 MP: 1/1
   285 | D:1      | Reached XP level 2. HP: 16/21 MP: 2/2
   709 | D:1      | Reached XP level 3. HP: 26/26 MP: 3/3
   844 | D:2      | Reached skill level 1 in Unarmed Combat
  1008 | D:2      | Noticed Natasha
  1014 | D:2      | Slain by an adder

Illustrated notes

Levels and vault maps discovered:
D:1:      nicolae_arrival_washed_ashore, layout_rooms
D:2:      layout_loops_ring, uniq_natasha

Skill      XL: |  1  2  3 |
---------------+----------+-----
Unarmed Combat | 1 |  1.0
Fighting       | |  3.7
Long Blades    | |  2.2
Dodging        | |  3.1
Stealth        | |  0.9
Shields        | |  3.1

Action                   || total
-------------------------++-------
Melee: Long sword        ||    43
       Constrict         ||    11
       Tentacles         ||    10
  Use: Potion            ||     1
 Stab: Sleeping          ||     5
Armor: Skin              ||     6
Dodge: Dodged            ||    23
Block: Buckler           ||    10
